 Dungeon Crawl Stone Soup version 0.31-b1-18-g61460d1e46 (webtiles) character file.

Game seed: 3628470091090416580

1443 unlimited1921 the Magician (level 9, -11/55 (57) HPs)
             Began as a Djinni Fire Elementalist on Jan 16, 2024.
             Was an Initiate of Ashenzari.
             Mangled by a phantasmal warrior (31 damage)
             ... created by the anger of Yredelemnul
             ... on level 7 of the Dungeon.
             The game lasted 00:42:49 (12082 turns).

unlimited1921 the Magician (DjFE)                  Turns: 12082, Time: 00:42:54

HP:   -11/55 (57)   AC:  9    Str:  7    XL:     9   Next: 4%
Gold: 450           EV: 14    Int: 21    God:    Ashenzari [......] SH:  0 Dex: 16

rFire   + + +        w - +1 war axe of Suphyck {drain, Will+ Dex+2}
rCold   . . .        (no shield)
rNeg    . . .        J - +0 steam dragon scales
rPois   ∞            j - +2 helmet
rElec   .            c - +0 cloak
rCorr   .            (no gloves)
SInv    .            (boots unavailable)
Will    +....        (no amulet)
Stlth   +++          x - ring of protection from cold
HPRegen 0.29/turn    y - ring of protection from fire
MPRegen 0.00/turn

%: infuse magic (-12 HP)
@: flying, lightly drained
A: sickness immunity, fire resistance 2, cold vulnerability 1, float, innate
caster, HP casting, extra vitality 1
a: Renounce Religion


You were on level 7 of the Dungeon.
You worshipped Ashenzari.
Ashenzari was noncommittal.
You visited 2 branches of the dungeon, and saw 8 of its levels.

You collected 450 gold pieces.

Inventory:

Hand Weapons
 v - a +3 flail
 w - the +1 war axe of Suphyck (weapon) {drain, Will+ Dex+2}
   (You found it on level 6 of the Dungeon)

   Dex+2:     It affects your dexterity (+2).
   Will+:     It increases your willpower.
 E - the +1 hand axe of Cocikh {drain, Dex+4}
   (You found it on level 5 of the Dungeon)

   Dex+4:     It affects your dexterity (+4).
Missiles
 n - 3 javelins
 u - 13 poisoned darts
Armour
 c - a +0 cloak (worn)
 j - a +2 helmet (worn)
 p - a +0 ring mail
 s - a +1 robe of willpower
 B - a +8 chain mail of ponderousness
 F - +0 fire dragon scales
 H - a +0 helmet
 J - +0 steam dragon scales (worn)
Jewellery
 q - an amulet of faith
 x - a ring of protection from cold (left hand)
 y - a ring of protection from fire (right hand)
Talismans
 A - a beast talisman
Wands
 a - a wand of paralysis (10)
 r - a wand of polymorph (12)
Scrolls
 e - 4 scrolls of enchant armour {unknown}
 g - a scroll of poison {unknown}
 i - 4 scrolls of enchant weapon
 z - a scroll of vulnerability {unknown}
 D - a scroll of torment {unknown}
 G - a scroll of revelation {unknown}
 K - a scroll of teleportation
Potions
 b - 3 potions of degeneration {unknown}
 d - 2 potions of invisibility
 f - 3 potions of curing {unknown}
 h - a potion of might {unknown}
 l - a potion of heal wounds
 m - a potion of ambrosia {unknown}
 o - 2 potions of haste {unknown}
 t - a potion of resistance {unknown}
 C - 3 potions of brilliance {unknown}
 I - a potion of mutation {unknown}


   Skills:
 + Level 1.5 Fighting
 - Level 0.3 Axes
 + Level 3.0 Armour
 - Level 4.3 Dodging
 - Level 4.6 Stealth
 * Level 6.8 Spellcasting
 * Level 6.8 Conjurations
 * Level 6.8 Hexes
 * Level 6.8 Summonings
 * Level 6.8 Necromancy
 * Level 6.8 Translocations
 * Level 6.8 Fire Magic
 * Level 6.8 Ice Magic
 * Level 6.8 Air Magic
 * Level 6.8 Earth Magic
 * Level 6.8 Alchemy


You knew the following spells:

 Your Spells              Type           Power      Damage    Failure   Level
a - Foxfire               Conj/Fire      100%       2x1d9     1%          1
b - Scorch                Fire           70%        2d7       1%          2
c - Volatile Blastmotes   Fire/Tloc      70%        2d15      1%          3
d - Inner Flame           Hex/Fire       35%        N/A       1%          3
e - Flame Wave            Conj/Fire      35%        2d10      5%          4
f - Slow                  Hex            100%       N/A       1%          1
g - Searing Ray           Conj           70%        2d7       1%          2
h - Lesser Beckoning      Tloc           70%        N/A       1%          2
i - Vampiric Draining     Necr           35%        2d8       1%          3
Your spell library was empty.

Dungeon Overview and Level Annotations

Branches:
Dungeon (7/15)             Temple (1/1) D:4

Altars:
Ashenzari
Cheibriados
Dithmenos
Elyvilon
Gozag
Hepliaklqana
Makhleb
Nemelex Xobeh
Okawaru
Ru
Trog
Uskayaw
Wu Jian
Xom
Yredelemnul
Zin
The Shining One


Innate Abilities, Weirdness & Mutations

You are immune to sickness and miasma.
You are immune to poison.
Your flesh is very heat resistant. (rF++)
You are vulnerable to cold. (rC-)
You float through the air rather than walking.
You learn spells naturally, not from books.
Your magical power is your life essence.
You have superior vitality. (+4 MHP)


Message History

The phantasmal warrior resists with some effort.
You conjure some foxfire!
The phantasmal warrior gestures at you.
The phantasmal warrior blinks!
You conjure some foxfire!
The foxfire hits the phantasmal warrior but does no damage.
The foxfire hits the phantasmal warrior.
The phantasmal warrior is lightly damaged.
You conjure some foxfire!
The foxfire hits the phantasmal warrior but does no damage.
The phantasmal warrior is lightly damaged.
Your foxfire dissipates!
You conjure some foxfire!
The foxfire hits the phantasmal warrior but does no damage.
The phantasmal warrior is lightly damaged.
The foxfire hits the phantasmal warrior but does no damage.
The phantasmal warrior is lightly damaged.
The phantasmal warrior gestures at you.
The phantasmal warrior blinks!
Casting: Foxfire (safe; 1% risk of failure)
Confirm with . or Enter, or press ? or * to list all spells.
Aiming: Slow (safe; 1% risk of failure)
Press: ? - help, Shift-Dir - straight line, f - phantasmal warrior
Aim: a phantasmal warrior (lightly damaged, durably summoned, chance to affect: 11%)
The phantasmal warrior resists with almost no effort.
You conjure some foxfire!
The phantasmal warrior hits you but does no damage.
Your foxfire dissipates!
The foxfire hits the phantasmal warrior.
The phantasmal warrior is lightly damaged.
There is an open door here.
You conjure some foxfire!
The phantasmal warrior hits you!!
Ouch! That really hurt!
Your foxfire dissipates!
The foxfire hits the phantasmal warrior.
The phantasmal warrior is lightly damaged.
The phantasmal warrior attacks as it pursues you!
The phantasmal warrior hits you!!
Ouch! That really hurt!
You die...

#...#######...#.#)#.#.#.#.#.#
#...##...##.....(............
#.............#.#.#.#.#.#.#.#
#...##.........(..[..........
#...##...##...#.#)#.#.#.#.#.#
#........##...##<..##...###..
#........'.........##........
#...##'####........#.....####
#...##...##§@.....[)....##
#...##...##W####...##....#
######.>.##...#######....#
#....'...#..........#....#
#....#...#..........'....#
#....#.f.#..........#...##
#f..##...##...##..)##...##
#.oO# o..###'########....#
#...+ .....§.............#


You could see a phantasmal warrior.

Vanquished Creatures
  Sigmund (D:3)
  A steam dragon (D:7)
  A sky beast (D:7)
  A black bear (D:6)
  An ogre (D:7)
  A phantom (D:5)
  A kobold brigand (D:4)
  A scorpion (D:6)
  A burial acolyte (D:7)
  A jelly (D:6)
  3 hounds
  A bombardier beetle (D:4)
  A gnoll bouda (D:7)
  2 sleepcaps
  Jessica (D:3)
  Terence (D:3)
  An iguana (D:4)
  2 orc wizards
  Robin (D:2)
  3 gnolls (D:7)
  7 adders
  3 shadow imps (D:7)
  A white imp (D:7)
  2 ufetubi (D:6)
  3 adder zombies (D:7)
  2 dart slugs
  A ribbon worm (D:2)
  14 orcs
  7 ball pythons
  An endoplasm (D:3)
  5 giant cockroaches
  A gnoll zombie (D:7)
  7 hobgoblins
  8 jackals
  3 quokkas
  2 bats
  3 frilled lizards
  18 goblins
  8 kobolds
  3 kobold zombies (D:7)
  7 rats
132 creatures vanquished.

Vanquished Creatures (others)
  621 foxfires
621 creatures vanquished.

Grand Total: 753 creatures vanquished

Notes
Turn   | Place    | Note
-------+----------+-------------------------------------------
     0 | D:1      | unlimited1921 the Djinni Fire Elementalist began the quest
                  | for the Orb.
     0 | D:1      | unlimited1921 set off with the following spells memorised:
                  | Foxfire, Scorch, Volatile Blastmotes, Inner Flame, Flame
                  | Wave.
     0 | D:1      | Reached XP level 1. HP: 15/15 MP: 0/0
   776 | D:1      | Reached XP level 2. HP: 17/21 MP: 0/0
  2333 | D:2      | Reached XP level 3. HP: 20/25 MP: 0/0
  2333 | D:2      | Learned a level 1 spell: Slow
  2336 | D:2      | Noticed Robin
  2343 | D:2      | Killed Robin
  2345 | D:2      | Reached XP level 4. HP: 13/31 MP: 0/0
  4824 | D:3      | Reached XP level 5. HP: 31/35 MP: 0/0
  4824 | D:3      | Learned a level 2 spell: Searing Ray
  4825 | D:3      | Noticed Terence
  4832 | D:3      | Killed Terence
  4936 | D:3      | Noticed Sigmund
  4945 | D:3      | Killed Sigmund
  4946 | D:3      | Reached XP level 6. HP: 12/41 MP: 0/0
  5447 | D:3      | Noticed Jessica
  5504 | D:3      | Killed Jessica
  5660 | D:3      | Reached XP level 7. HP: 39/46 MP: 0/0
  5660 | D:3      | Learned a level 2 spell: Lesser Beckoning
  6602 | D:4      | Reached skill level 1 in Armour
  6784 | D:4      | Reached skill level 1 in Fighting
  6923 | D:4      | Found a snail-covered altar of Cheibriados.
  7352 | D:4      | You are sucked into a shaft and drop 3 floors!
  7502 | D:6      | Identified the +1 war axe of Suphyck {drain, Will+ Dex+2}
  7649 | D:6      | Reached skill level 5 in Spellcasting
  7649 | D:6      | Reached skill level 5 in Conjurations
  7649 | D:6      | Reached skill level 5 in Hexes
  7649 | D:6      | Reached skill level 5 in Summonings
  7649 | D:6      | Reached skill level 5 in Necromancy
  7649 | D:6      | Reached skill level 5 in Translocations
  7649 | D:6      | Reached skill level 5 in Fire Magic
  7649 | D:6      | Reached skill level 5 in Ice Magic
  7649 | D:6      | Reached skill level 5 in Air Magic
  7649 | D:6      | Reached skill level 5 in Earth Magic
  7649 | D:6      | Reached skill level 5 in Alchemy
  7754 | D:6      | Reached XP level 8. HP: 27/52 MP: 0/0
  8827 | D:5      | Entered Level 5 of the Dungeon
  8904 | D:5      | Found a glowing silver altar of Zin.
  8939 | D:5      | Found an iron altar of Okawaru.
  9405 | D:5      | Identified the +1 hand axe of Cocikh {drain, Dex+4}
  9549 | D:4      | Found a staircase to the Ecumenical Temple.
  9564 | Temple   | Entered the Ecumenical Temple
  9652 | Temple   | Became a worshipper of Yredelemnul the Dark
  9792 | D:4      | Reached * piety under Yredelemnul
 10035 | D:5      | Found a broken altar of Ashenzari.
 10141 | D:5      | Fell from the grace of Yredelemnul
 10141 | D:5      | Became a worshipper of Ashenzari the Shackled
 10247 | D:5      | Found a glowing golden altar of the Shining One.
 10313 | D:5      | Found an ornate altar of the Wu Jian Council.
 11732 | D:7      | Reached XP level 9. HP: 53/57 MP: 0/0
 11732 | D:7      | Learned a level 3 spell: Vampiric Draining
 11879 | D:7      | Noticed a phantasmal warrior
 11879 | D:7      | Noticed a bog body
 12082 | D:7      | Mangled by a phantasmal warrior

Illustrated notes

Levels and vault maps discovered:
D:1:      nicolae_arrival_memento_mori, layout_basic
D:2:      layout_basic, ebering_dispersal_statue_hall, uniq_robin
D:3:      layout_basic, gup_sewer_entry_glass, uniq_sigmund, uniq_jessica,
          uniq_terence
D:4:      layout_basic, cheibriados_altar_1,
          minmay_temple_entry_drinking_statues
D:5:      layout_rooms, ashenzari_conservatory_becter, tso_oasis_becter,
          mainiacjoe_overflow_two_lobes, nzn_wu_jian_contemplation,
          minmay_misc_feat_encased
D:6:      layout_basic
D:7:      layout_gridville, regret_index_kikubaaqudgha_part_by_part,
          st_stairs_12
Temple:   nicolae_temple_figure_eight

Skill      XL: |  1  2  3  4  5  6  7  8 |
---------------+-------------------------+-----
Stealth        | 2 3 4 |  4.6
Dodging        | 3 4 |  4.3
Spellcasting   | 4 5 6 |  6.8
Conjurations   | 4 5 6 |  6.8
Hexes          | 4 5 6 |  6.8
Summonings     | 4 5 6 |  6.8
Necromancy     | 4 5 6 |  6.8
Translocations | 4 5 6 |  6.8
Fire Magic     | 4 5 6 |  6.8
Ice Magic      | 4 5 6 |  6.8
Air Magic      | 4 5 6 |  6.8
Earth Magic    | 4 5 6 |  6.8
Alchemy        | 4 5 6 |  6.8
Armour         | 1 3 |  3.0
Fighting       | 1 |  1.5
Axes           | |  0.3

Action                     |  1- 3 |  4- 6 |  7- 9 || total
---------------------------+-------+-------+-------++-------
  Melee: War axe           |       |       |    12 ||    12
   Cast: Foxfire           |    54 |   129 |   200 ||   383
         Scorch            |       |     6 |    22 ||    28
         Inner Flame       |       |     7 |     1 ||     8
         Volatile Blastmot |       |       |     3 ||     3
         Slow              |       |       |     3 ||     3
         Flame Wave        |       |       |     3 ||     3
    Use: Scroll            |       |     5 |     3 ||     8
         Potion            |       |       |     1 ||     1
 Armour: Robe              |     1 |     6 |     9 ||    16
         Leather armour    |       |     2 |       ||     2
         Fire dragon scale |       |       |    23 ||    23
         Steam dragon scal |       |       |     7 ||     7
  Dodge: Dodged            |     3 |     8 |    21 ||    32
